 Dungeon Crawl Stone Soup version 0.18.1-8-gdd0e5ea (webtiles) character file.

16 M4edhros the Grave Robber (level 2, -2/17 HPs)
             Began as an Octopode Necromancer on May 27, 2016.
             Slain by Sigmund
             ... wielding a +1 scythe of protection
              (12 damage)
             ... on level 3 of the Dungeon.
             The game lasted 00:02:56 (809 turns).

M4edhros the Grave Robber (Octopode Necromancer)     Turns: 809, Time: 00:02:57

Health: -2/17      AC:  1    Str:  7    XL:     2   Next: 54%
Magic:  5/5        EV: 12    Int: 17    God:
Gold:   21         SH:  0    Dex: 12    Spells: 2 memorised, 3 levels left

rFire  . . .     SeeInvis .       - Unarmed
rCold  . . .     Gourm    .     (no shield)
rNeg   . . .     Faith    .     (helmet restricted)
rPois  .         Spirit   .     (no amulet)
rElec  .         Dismiss  .     (no ring)
rCorr  .         Reflect  .     (no ring)
SustAt .         Harm     .     (no ring)
MR     .....                    (no ring)
Stlth  +++.......               (no ring)
                                (no ring)
                                (no ring)
                                (no ring)

@: not resistant to hostile enchantments, fairly stealthy
A: almost no armour, amphibious, 8 rings, constrict 8, camouflage 1, gelatinous
body 1
a: no special abilities


You were on level 3 of the Dungeon.
You were not hungry.

You visited 1 branch of the dungeon, and saw 3 of its levels.

You collected 21 gold pieces.

Inventory:

Missiles
 h - 2 throwing nets (quivered)
 j - 8 javelins
Magical Staves
 c - an uncursed staff of wizardry
Scrolls
 e - a scroll of blinking {unknown}
Books
 a - a book of Necromancy

   Spells                             Type                      Level
   a - Pain                           Necromancy                   1
   b - Animate Skeleton               Necromancy                   1
   c - Vampiric Draining              Necromancy                   3
   d - Regeneration                   Charms/Necromancy            3
   e - Animate Dead                   Necromancy                   4
   f - Control Undead                 Necromancy                   4
Comestibles
 b - 2 bread rations
 d - a meat ration
 f - 3 fruits
 g - a beef jerky


   Skills:
 - Level 2.0 Dodging
 - Level 2.6 Stealth
 + Level 2.1 Unarmed Combat
 - Level 2.0 Spellcasting
 - Level 4.0 Necromancy


You had 3 spell levels left.
You knew the following spells:

 Your Spells              Type           Power        Failure   Level  Hunger
a - Pain                  Necr           ###.         3%          1    #......
b - Animate Skeleton      Necr           N/A          3%          1    #......


Dungeon Overview and Level Annotations

Branches:
Dungeon (3/15)

Altars:
Ashenzari
Trog
The Shining One

Annotations:
D:3 Sigmund


Innate Abilities, Weirdness & Mutations

You cannot wear most types of armour.
You are amphibious.
You can wear up to eight rings at the same time.
You can use your tentacles to constrict eight enemies at once.
Your skin changes colour to match your surroundings (Stealth).
Your rubbery body absorbs attacks (AC +1).


Message History

There are no items here.
You see here 8 javelins.
j - 8 javelins You aren't carrying any potions.
Read which item? (? for menu, Esc to quit)
Okay, then.
The helpless Sigmund fails to defend himself.
You tentacle-slap Sigmund but do no damage.
Your grab misses Sigmund.
Sigmund hits you with a scythe of protection!
All of the chunks of flesh in your inventory have rotted away.
You tentacle-slap Sigmund. You grab Sigmund.
Sigmund is lightly wounded.
You constrict Sigmund, but do no damage.
You tentacle-slap Sigmund but do no damage.
Sigmund is lightly wounded.
You constrict Sigmund.
Sigmund hits you with a scythe of protection!
Ouch! That really hurt!
You die...

(.........####.....#
# #.##...Z# #.....#
##.#..#....####.....#
##########
..............'.....#
#.........
###....Z#######.....#
#.######## ####..#
#.....# #.#...
#.....#
#.....###.#.###
#.###.#
#.##..........# #
#.###
#@###.###..##.#.#
#...##..@..##.#
#.......# #
#Z..##.....##.#
##.#..### ####
#...##......#.#
#.#.## ...#
#...#####...#.# #.#.#
...# #(..# ##..#.#
#.#.# ...# #...#
#.)..# #.#.### ...#
#.### #...####.#.#..
#### #.#
####......#.#.#.###


You could see Sigmund.

Vanquished Creatures
  A ball python (D:1)
  A giant cockroach (D:2)
  A goblin (D:3)
  4 hobgoblins
  2 bats (D:3)
  A giant newt (D:1)
  2 kobolds
  2 rats
14 creatures vanquished.

Vanquished Creatures (collateral kills)
  A giant cockroach (D:1)
1 creature vanquished.

Grand Total: 15 creatures vanquished

Notes
Turn   | Place    | Note
--------------------------------------------------------------
     0 | D:1      | M4edhros the Octopode Necromancer began the quest for the Orb.
     0 | D:1      | Reached XP level 1. HP: 11/11 MP: 3/3
    37 | D:1      | Learned a level 1 spell: Animate Skeleton
    61 | D:1      | Reached skill level 1 in Unarmed Combat
   179 | D:2      | Reached XP level 2. HP: 11/17 MP: 3/5
   486 | D:3      | Found a bloodstained altar of Trog.
   489 | D:3      | Found a glowing golden altar of the Shining One.
   490 | D:3      | Found a shattered altar of Ashenzari.
   664 | D:3      | Noticed Sigmund
   809 | D:3      | Slain by Sigmund

Skill      XL: |  1  2 |
---------------+-------+-----
Unarmed Combat | 1 2 |  2.1
Dodging        | |  2.0
Stealth        | |  2.6
Spellcasting   | |  2.0
Necromancy     | |  4.0

Action                   || total
-------------------------++-------
Melee: Unarmed           ||    24
       Constrict         ||     7
       Tentacles         ||     1
 Cast: Pain              ||    16
       Animate Skeleton  ||     3
 Stab: Sleeping          ||     5
Armor: Skin              ||     4
Dodge: Dodged            ||    11
